 Dungeon Crawl Stone Soup version 0.24-a0-381-g637bb38 (webtiles) character file.

Game seed: 3157202632761886568

3299 Spazmo the Thaumaturge (level 9, -6/45 HPs)
             Began as a Deep Elf Fire Elementalist on June 3, 2019.
             Was an Initiate of Vehumet.
             Killed from afar by a deep elf mage (33 damage)
             ... with a bolt of fire
             ... on level 10 of the Dungeon.
             The game lasted 00:21:05 (7244 turns).

Spazmo the Thaumaturge (Deep Elf Fire Elementalist) Turns: 7244, Time: 00:21:05

Health: -6/45      AC:  5    Str:  5    XL:     9   Next: 70%
Magic:  23/25      EV: 13    Int: 24    God:    Vehumet [......]
Gold:   288        SH:  0    Dex: 17    Spells: 14/29 levels left

rFire    . . .     SeeInvis .   w - +2 mace (crush)
rCold    . . .     Gourm    .   (no shield)
rNeg     . . .     Faith    .   a - +1 robe
rPois    .         Spirit   .   (no helmet)
rElec    .         Reflect  .   (no cloak)
rCorr    +         Harm     .   r - +0 pair of gloves
MR       +....                  C - +0 pair of boots
Stlth    +.........             (no amulet)
HPRegen  0.15/turn              d - ring of protection from magic
MPRegen  0.19/turn              x - ring of resist corrosion

@: liquid flames, glowing
A: hooves 1, agile 1
a: Renounce Religion


You were on level 10 of the Dungeon.
You worshipped Vehumet.
Vehumet was noncommittal.
You were not hungry.

You visited 2 branches of the dungeon, and saw 11 of its levels.

You collected 288 gold pieces.

Inventory:

Hand Weapons
 f - a +1 dagger of speed
 q - a +0 scythe of slicing
 w - a +2 mace of crushing (weapon)
Missiles
 e - 359 stones (quivered)
Armour
 a - a +1 robe (worn)
 r - a +0 pair of gloves (worn)
 C - a +0 pair of boots (worn)
Jewellery
 d - a ring of protection from magic (left hand)
 x - a ring of resist corrosion (right hand)
Wands
 s - a wand of flame (28)
 t - a wand of acid (6)
 D - a wand of enslavement (9)
Scrolls
 g - 4 scrolls of fog
 h - 2 scrolls of identify
 i - 6 scrolls of teleportation
 m - 3 scrolls of remove curse
 n - 2 scrolls of blinking
 y - a scroll of amnesia
 z - a scroll of fear
Potions
 b - 2 potions of heal wounds
 j - 3 potions of flight
 k - a potion of magic
 l - a potion of might {unknown}
 o - a potion of mutation
 p - a potion of curing
 u - a potion of cancellation {unknown}
 v - a potion of lignification {unknown}
 A - a potion of agility {unknown}
 B - a potion of degeneration {unknown}
Comestibles
 c - 3 rations
 E - 2 chunks of flesh


   Skills:
 - Level 3.0 Dodging
 - Level 3.0 Stealth
 + Level 10.5 Spellcasting
 + Level 8.7 Conjurations
 + Level 9.3 Fire Magic


You had 14 spell levels left.
You knew the following spells:

 Your Spells              Type           Power        Failure   Level  Hunger
a - Flame Tongue          Conj/Fire      #####        1%          1    None
b - Throw Flame           Conj/Fire      ######       1%          2    None
c - Conjure Flame         Conj/Fire      ######..     1%          3    None
d - Sticky Flame          Conj/Fire      ######..     1%          4    None
e - Fireball              Conj/Fire      ######....   3%          5    ####...

Your spell library contained the following spells:

 Spells                   Type           Power        Failure   Level  Hunger
 Dazzling Spray           Conj/Hex       ####..       2%          3    None
 Inner Flame              Hex/Fire       ####....     2%          3    None
 Corona                   Hex            ##.....      4%          1    None
 Ensorcelled Hibernation  Hex/Ice        ##....       8%          2    None
 Confuse                  Hex            ##......     16%         3    None
 Tukima's Dance           Hex            ##......     16%         3    None


Dungeon Overview and Level Annotations

Branches:
Dungeon (10/15)            Temple (1/1) D:6
   Lair: D:8-11         Orc: D:9-12

Altars:
Ashenzari
Cheibriados
Dithmenos
Elyvilon
Fedhas
Gozag
Hepliaklqana
Kikubaaqudgha
Makhleb
Nemelex Xobeh
Okawaru
Qazlal
Ru
Sif Muna
Trog
Uskayaw
Vehumet
Wu Jian
Xom
Yredelemnul
Zin
The Shining One

Shops:
D:4 !   D:6 :

Annotations:
D:9 1 runed translucent door, Caerwyn's ghost, novice GnFi


Innate Abilities, Weirdness & Mutations

You have large cloven feet.
You are agile. (Dex +2)


Message History

Press: ? - help, Shift-Dir - straight line, f - deep elf mage
Aim: a deep elf mage, wielding a +0 long sword (resting)
The flame tongue hits the deep elf mage.
The deep elf mage is lightly wounded.
The deep elf mage shouts!
Casting: Flame Tongue (safe; 1% risk of failure)
Confirm with . or Enter, or press ? or * to list all spells.
Aiming: Flame Tongue (safe; 1% risk of failure)
Press: ? - help, Shift-Dir - straight line, f/p - deep elf mage
Aim: a deep elf mage, wielding a +0 long sword (lightly wounded)
The flame tongue misses the deep elf mage.
A spriggan comes into view. It is wielding a +0 rapier.
The deep elf mage gestures at you while chanting.
The sticky flame hits you!
You are covered in liquid flames!
You are covered in liquid flames!
The deep elf mage gestures at you while chanting.
The bolt of fire hits you!!
Ouch! That really hurt!
You die...

##########
#.........
#.........
#.@......>
#.........
#.........
e.........
...<.......
##i.........
#..........
#..####.###


You could see a deep elf mage and a spriggan (wandering).

Vanquished Creatures
  Sigmund (D:4)
  A black bear (D:8)
  4 ice beasts
  2 orc warriors
  2 sky beasts
  5 ogres
  A big kobold (D:8)
  Blork the orc (D:4)
  3 bullfrogs
  A wyvern zombie (D:8)
  4 scorpions
  4 killer bees (D:9)
  4 howler monkeys
  5 crimson imps
  A centaur zombie (D:9)
  5 hounds
  A jelly (D:5)
  3 orc priests
  4 orc wizards
  2 iguanas
  4 worker ants
  A hound zombie (D:6)
  2 hound skeletons
  4 gnolls (D:3)
  4 adders
  4 shadow imps
  2 oozes
  2 worms
  A dart slug (D:1)
  3 leopard geckos
  15 orcs
  3 ball pythons
  4 giant cockroaches
  7 goblins
  12 hobgoblins
  6 jackals
  2 quokkas
  7 bats
  2 frilled lizards
  A jackal skeleton (D:4)
  8 kobolds
  2 quokka skeletons
  7 rats
157 creatures vanquished.

Notes
Turn   | Place    | Note
-------+----------+-------------------------------------------
     0 | D:1      | Spazmo the Deep Elf Fire Elementalist began the quest for
                  | the Orb.
     0 | D:1      | Reached XP level 1. HP: 10/10 MP: 6/6
   202 | D:1      | Reached XP level 2. HP: 13/15 MP: 2/8
   206 | D:1      | Learned a level 2 spell: Throw Flame
   602 | D:1      | Reached XP level 3. HP: 19/19 MP: 1/9
  1275 | D:2      | Found a stormy altar of Qazlal.
  1843 | D:3      | Reached XP level 4. HP: 10/24 MP: 6/11
  1847 | D:3      | Reached skill level 4 in Spellcasting
  2258 | D:4      | Found Uthutu Vute's Distillery.
  2297 | D:4      | Noticed Blork the orc
  2303 | D:4      | Learned a level 3 spell: Conjure Flame
  2308 | D:4      | Learned a level 4 spell: Sticky Flame
  2325 | D:4      | Killed Blork the orc
  2325 | D:4      | Reached XP level 5. HP: 28/28 MP: 3/14
  2396 | D:4      | Noticed an ogre
  2401 | D:4      | Killed an ogre
  2401 | D:4      | Reached skill level 5 in Spellcasting
  2401 | D:4      | Reached XP level 6. HP: 18/32 MP: 9/15
  2479 | D:4      | Found a basalt altar of Yredelemnul.
  2569 | D:4      | Noticed Sigmund
  2578 | D:4      | Killed Sigmund
  2578 | D:4      | Reached skill level 5 in Fire Magic
  2618 | D:4      | Reached skill level 6 in Spellcasting
  2618 | D:4      | Reached XP level 7. HP: 19/36 MP: 12/18
  2875 | D:4      | Reached skill level 5 in Conjurations
  3098 | D:5      | Entered Level 5 of the Dungeon
  3201 | D:5      | Reached skill level 7 in Spellcasting
  3232 | D:5      | Reached XP level 8. HP: 20/41 MP: 11/21
  3600 | D:5      | Found a sacrificial altar of Ru.
  3602 | D:5      | Reached skill level 8 in Spellcasting
  3769 | D:5      | Gained mutation: You have large cloven feet. [potion of
                  | mutation]
  3769 | D:5      | Gained mutation: You are agile. (Dex +2) [potion of
                  | mutation]
  4183 | D:6      | Found a staircase to the Ecumenical Temple.
  4192 | Temple   | Entered the Ecumenical Temple
  4573 | D:6      | Reached skill level 9 in Spellcasting
  4600 | D:6      | Found a stormy altar of Qazlal.
  4725 | D:6      | Found Sast's Book Emporium.
  5010 | D:7      | Found a snail-covered altar of Cheibriados.
  5069 | D:7      | Reached XP level 9. HP: 38/45 MP: 20/24
  5280 | D:7      | Learned a level 5 spell: Fireball
  5583 | D:8      | Found an ornate altar of the Wu Jian Council.
  6283 | D:9      | Found a runed translucent door.
  6376 | D:9      | Reached skill level 10 in Spellcasting
  6468 | D:9      | Found a shimmering altar of Xom.
  6468 | D:9      | Noticed Caerwyn's ghost (novice GnFi)
  6468 | D:9      | Noticed a +1 halberd of chaos
  7012 | D:9      | Found a shadowy altar of Dithmenos.
  7067 | D:9      | Found a radiant altar of Vehumet.
  7085 | D:9      | Became a worshipper of Vehumet
  7163 | D:9      | Found a blossoming altar of Fedhas.
  7241 | D:10     | Entered Level 10 of the Dungeon
  7241 | D:10     | Noticed a deep elf mage
  7244 | D:10     | Killed from afar by a deep elf mage

Levels and vault maps discovered:
D:1:      dpeg_arrival_stone_temple_mockup, layout_basic
D:2:      layout_loops_ring, grunt_qazlal_clouds
D:3:      layout_rooms, minmay_fractal_squares_gapless_5
D:4:      layout_loops_ring, yredelemnul_altar_generic, serial_shops, shop,
          first_ration, uniq_sigmund, uniq_blork_the_orc
D:5:      layout_loops_corners, nicolae_ru_awakened_eye
D:6:      layout_basic, temple_pool_b, serial_shops, kennysheep_mini_moat,
          basic_altar, columned_hall_lemuel
D:7:      layout_basic, lemuel_doored_altar
D:8:      layout_cave_pods, nicolae_overflow_crystal_walls
D:9:      layout_loops_ring, vehumet_altar_wand_db,
          lemuel_coloured_pillars_altar, kennysheep_mini, ebering_ghost_xom
D:10:     layout_roguey, david_lair_shrubbed, serial_shops, shop,
          nicolae_shop_behind_doors, hangedman_stone_soup
Temple:   jpeg_temple_clearing

Skill      XL: |  1  2  3  4  5  6  7  8  9 |
---------------+----------------------------+-----
Stealth        | 3 |  3.0
Dodging        | 3 |  3.0
Conjurations   | 2 3 4 5 7 8 |  8.7
Fire Magic     | 4 5 6 8 9 |  9.3
Spellcasting   | 4 5 6 7 9 10 | 10.5

Action                   |  1- 3 |  4- 6 |  7- 9 || total
-------------------------+-------+-------+-------++-------
Melee: Dagger            |     1 |       |       ||     1
       Scythe            |       |       |    20 ||    20
       Mace              |       |       |    29 ||    29
       Kick              |       |       |     2 ||     2
Throw: Stone             |    12 |     2 |     3 ||    17
 Cast: Flame Tongue      |   100 |    36 |   210 ||   346
       Conjure Flame     |       |     1 |     1 ||     2
       Sticky Flame      |       |     2 |    12 ||    14
       Throw Flame       |       |       |    35 ||    35
       Fireball          |       |       |     1 ||     1
Evoke: Wand              |       |       |     6 ||     6
  Use: Scroll            |     5 |     3 |     6 ||    14
       Potion            |       |     1 |     2 ||     3
  Eat: Chunk             |     3 |       |     7 ||    10
       Ration            |       |     1 |     2 ||     3
Armor: Robe              |     5 |     2 |    19 ||    26
Dodge: Dodged            |    24 |    12 |    61 ||    97

Table legend:
 A = Non-vault XP
 B = Vault XP
 C = Vault XP percentage of total XP
 D = Non-vault monster count
 E = Vault monster count
 F = Vault count percentage of total count
                 A         B        C        D         E       F
            +---------+---------+-------+---------+---------+-------
      Total |    4384 |     330 |   7.0 |     149 |       8 |   5.1
            +---------+---------+-------+---------+---------+-------
        D:1 |      46 |       0 |   0.0 |      25 |       0 |   0.0
        D:2 |      27 |       0 |   0.0 |      14 |       0 |   0.0
        D:3 |      80 |      25 |  23.8 |      16 |       5 |  23.8
        D:4 |     549 |     303 |  35.6 |      11 |       2 |  15.4
        D:5 |    1049 |       0 |   0.0 |      21 |       0 |   0.0
        D:6 |     548 |       0 |   0.0 |      11 |       0 |   0.0
        D:7 |     324 |       0 |   0.0 |      11 |       0 |   0.0
        D:8 |     678 |       0 |   0.0 |      14 |       0 |   0.0
        D:9 |    1083 |       2 |   0.2 |      26 |       1 |   3.7
            +---------+---------+-------+---------+---------+-------
